 Dungeon Crawl Stone Soup version 0.28.0-43-g3370ac3207 (webtiles) character file.

Game seed: 1124725287974006071

11641 crimpus the Basher (level 11, -1/87 HPs)
             Began as a Demonspawn Berserker on Mar 12, 2022.
             Was an Elder of Trog.
             Slain by a fire elemental (7 damage)
             ... summoned by a deep elf pyromancer
             ... on level 10 of the Dungeon.
             The game lasted 00:26:59 (11311 turns).

crimpus the Basher (Demonspawn Berserker)          Turns: 11311, Time: 00:26:59

Health: -1/87      AC: 18    Str: 27    XL:     11   Next: 52%
Magic:  11/11      EV:  8    Int:  8    God:    Trog [****..]
Gold:   632        SH:  0    Dex: 13    Spells: 10/10 levels left

rFire   . . .      SeeInvis .   f - +1 mace (protect)
rCold   . . .      Faith    .   (no shield)
rNeg    . . .      Spirit   .   e - +0 plate armour
rPois   .          Reflect  .   l - +0 helmet
rElec   .          Harm     .   (cloak unavailable)
rCorr   .          Rampage  .   p - +1 pair of gloves {Str+3}
Will    .....                   k - +0 pair of boots
Stlth   ..........              j - amulet of regeneration
HPRegen 1.04/turn               z - +4 ring of protection
MPRegen 0.24/turn               (no ring)

@: on berserk cooldown, slowed, very slow
A: icemail 1, magic regeneration, condensation shield, weakness stinger 3,
deformed body, mutation resistance 1, strong 1
a: Renounce Religion, Berserk, Trog's Hand, Brothers in Arms


You were on level 10 of the Dungeon.
You worshipped Trog.
Trog was greatly pleased with you.
You visited 1 branch of the dungeon, and saw 10 of its levels.
You also visited: Ossuary.

You collected 632 gold pieces.

Inventory:

Hand Weapons
 f - a +1 mace of protection (weapon)
 B - a +2 whip of freezing
 E - a +6 dire flail of draining
Missiles
 G - a throwing net (quivered)
Armour
 e - a +0 plate armour (worn)
 k - a +0 pair of boots (worn)
 l - a +0 helmet (worn)
 p - a +1 pair of gloves of strength (worn)
 D - a +2 kite shield
Jewellery
 j - an amulet of regeneration (around neck)
 x - a ring of fire
 z - a +4 ring of protection (left hand)
Wands
 a - a wand of acid (7)
 v - a wand of flame (10)
 y - a wand of paralysis (3)
 A - a wand of mindburst (4)
 I - a wand of charming (3)
Scrolls
 b - 6 scrolls of identify
 c - 2 scrolls of noise
 h - a scroll of enchant weapon
 i - 3 scrolls of magic mapping
 t - a scroll of fear {unknown}
 w - a scroll of blinking
 C - a scroll of vulnerability {unknown}
 F - a scroll of brand weapon {unknown}
 H - a scroll of silence {unknown}
Potions
 d - 3 potions of haste
 g - a potion of cancellation
 m - 4 potions of curing
 n - a potion of berserk rage {unknown}
 o - 2 potions of might
 q - a potion of resistance
 r - 2 potions of lignification
 s - 4 potions of heal wounds {unknown}
 u - 4 potions of brilliance


   Skills:
 + Level 8.4 Fighting
 + Level 12.1 Maces & Flails
 + Level 9.0 Armour
 - Level 2.0 Dodging
 + Level 4.1 Shields


You had 10 spell levels left.
You didn't know any spells.
Your spell library was empty.

Dungeon Overview and Level Annotations

Branches:
Dungeon (10/15)            Temple (0/1) D:4            Lair (0/6) D:8
    Orc (0/2) D:10        Ossuary (visited)

Altars:
Cheibriados
Makhleb
Trog
Vehumet

Shops:
D:5 =   D:6 (   D:7 (   D:8 (   D:10 :


Innate Abilities, Weirdness & Mutations

A meltable icy envelope protects you from harm. (AC +0)
You regenerate magic rapidly.
A meltable shield of frost defends you. (SH +0)
You have a sharp stinger which inflicts weakening toxins.
Armour fits poorly on your strangely shaped body.
You are somewhat resistant to further mutation.
Your muscles are strong. (Str +2)


Message History

a +0 robe; a wand of flame (5)
You hit the deep elf pyromancer but do no damage.
Your weapon exudes an aura of protection.
You tail-slap the deep elf pyromancer.
The deep elf pyromancer looks weaker.
The deep elf pyromancer is lightly wounded.
The fire elemental hits you. The fire elemental burns you!
The deep elf pyromancer hits you but does no damage.
The fire elemental hits you. The fire elemental burns you!
You hit the deep elf pyromancer.
The deep elf pyromancer is lightly wounded.
The deep elf pyromancer hits you but does no damage.
The fire elemental hits you.
The deep elf pyromancer closely misses you.
The fire elemental hits you. The fire elemental burns you!
You completely miss the deep elf pyromancer.
The deep elf pyromancer is lightly wounded.
The fire elemental hits you. The fire elemental burns you!
The deep elf pyromancer hits you but does no damage.
You miss the deep elf pyromancer.
Your tail-slap misses the deep elf pyromancer.
The deep elf pyromancer is lightly wounded.
The fire elemental hits you.
The deep elf pyromancer hits you but does no damage.
The fire elemental hits you. The fire elemental burns you!
You miss the deep elf pyromancer.
Your tail-slap misses the deep elf pyromancer.
The deep elf pyromancer is lightly wounded.
The deep elf pyromancer mumbles some strange words.
The fire elemental hits you. The fire elemental burns you!
* * * LOW HITPOINT WARNING * * *
You closely miss the deep elf pyromancer.
The deep elf pyromancer is lightly wounded.
The fire elemental hits you. The fire elemental burns you!
* * * LOW HITPOINT WARNING * * *
The deep elf pyromancer mumbles some strange words.
The deep elf pyromancer blinks!
The fire elemental hits you. The fire elemental burns you!
* * * LOW HITPOINT WARNING * * *
The fire elemental hits you. The fire elemental burns you!
You die...

#...)......[....#
#.###.######..### ##.#
#.### #..# ##..# #...##
#..# #..##
###..###..##+##+## ....#
##...#..#...e..# #...#
#####.#..#.○..○.# ..###
#......))E[○....+ #.#.
#........@E.....+ #..#
#.......E#.○..○.# #..##
#...>....#......#
#.#.####.(..)...##+##+##
#.#.##......)...#
.##.##..........#
.#.###.##.###...#
#.#.##.##...)).)#
#.#.#..#####)#####


You could see a deep elf pyromancer (weak) and 3 fire elementals.

Vanquished Creatures
  Harold (D:9)
  2 two-headed ogres
  Pikel (D:6)
  A manticore (D:7)
  2 centaur zombies (D:10)
  4 komodo dragons (D:8)
  A hornet (D:7)
  A slime creature (D:7)
  Grinder (D:3)
  Prince Ribbit (D:9)
  4 shadows
  5 yaks (D:8)
  2 basilisks (D:8)
  Menkaure (D:6)
  2 acid dragons
  3 water moccasins
  3 sky beasts (D:7)
  An ice beast (D:5)
  2 orc warriors
  A hornet zombie (D:7)
  2 necrophages
  3 ogres
  4 centaurs
  2 phantoms
  2 lemures (D:6)
  4 kobold brigands
  4 bullfrogs
  2 gnoll sergeants
  Blork the orc (D:6)
  2 scorpions
  A wyvern zombie (D:7)
  2 wyvern skeletons (D:7)
  5 water moccasin zombies (Ossuary)
  A troll zombie (D:10)
  5 wights
  2 electric eels
  2 howler monkeys (D:7)
  A bullfrog zombie (D:6)
  3 hounds
  A jelly (D:7)
  5 orc priests
  2 centaur skeletons
  A gnoll shaman (D:9)
  7 iguanas
  5 orc wizards
  5 ogre zombies (D:10)
  2 mummies (Ossuary)
  3 howler monkey zombies
  2 adders
  14 gnolls
  A shadow imp (D:7)
  A white imp (D:6)
  An ufetubus (D:4)
  3 adder zombies (Ossuary)
  A worm (D:2)
  A dart slug (D:1)
  23 orcs
  5 bats
  5 endoplasms
  2 giant cockroaches
  6 gnoll zombies (Ossuary)
  8 goblins
  6 hobgoblins
  23 kobolds
  3 quokkas
  8 ball pythons
  7 frilled lizards
  2 goblin skeletons (D:10)
  A goblin zombie (D:10)
  A hobgoblin skeleton (D:10)
  3 hobgoblin zombies
  4 kobold zombies (Ossuary)
  2 orc skeletons (D:10)
  17 orc zombies
  A quokka skeleton (D:4)
  3 rats (D:1)
272 creatures vanquished.

Notes
Turn   | Place    | Note
-------+----------+-------------------------------------------
     0 | D:1      | crimpus the Demonspawn Berserker began the quest for the
                  | Orb.
     0 | D:1      | Reached XP level 1. HP: 18/18 MP: 1/1
     3 | D:1      | Noticed an electric eel
     4 | D:1      | Noticed an electric eel
   329 | D:1      | Reached skill level 3 in Maces & Flails
   329 | D:1      | Gained mutation: You have a small tail. [demonic ancestry]
   329 | D:1      | Reached XP level 2. HP: 24/24 MP: 2/2
   726 | D:1      | Found a faded altar of an unknown god.
  1086 | D:2      | Reached XP level 3. HP: 28/29 MP: 3/3
  1516 | D:2      | Reached ** piety under Trog
  2039 | D:3      | Noticed Grinder
  2045 | D:3      | Paralysed by Grinder for 3 turns
  2056 | D:3      | Paralysed by Grinder for 7 turns
  2065 | D:3      | Killed Grinder
  2066 | D:3      | Reached skill level 4 in Maces & Flails
  2066 | D:3      | Reached XP level 4. HP: 25/37 MP: 4/4
  2066 | D:3      | Gained mutation: You have a tail ending in a sharp stinger.
                  | [demonic ancestry]
  2066 | D:3      | Reached XP level 5. HP: 28/42 MP: 5/5
  2461 | D:3      | Noticed a necrophage
  2471 | D:3      | Killed a necrophage
  2472 | D:3      | Gained mutation: You have a sharp stinger which inflicts
                  | weakening toxins. [demonic ancestry]
  2472 | D:3      | Reached XP level 6. HP: 45/48 MP: 6/6
  2775 | D:4      | Found a sand-covered staircase.
  2780 | Ossuary  | Entered an ossuary
  2802 | Ossuary  | Reached skill level 5 in Maces & Flails
  3063 | Ossuary  | Gained mutation: A meltable shield of frost defends you.
                  | (SH +0) [demonic ancestry]
  3063 | Ossuary  | Reached XP level 7. HP: 54/54 MP: 7/7
  3403 | D:4      | Reached skill level 6 in Maces & Flails
  3571 | D:4      | Reached *** piety under Trog
  3916 | D:4      | Found a bloodstained altar of Trog.
  4179 | D:4      | Found a staircase to the Ecumenical Temple.
  4258 | D:5      | Entered Level 5 of the Dungeon
  4268 | D:5      | Reached skill level 1 in Shields
  4270 | D:5      | Reached XP level 8. HP: 61/61 MP: 8/8
  4332 | D:5      | Reached skill level 7 in Maces & Flails
  4588 | D:5      | Found Kyangud's Jewellery Shoppe.
  4612 | D:5      | Reached skill level 5 in Fighting
  4612 | D:5      | Reached skill level 5 in Armour
  4719 | D:5      | You fall into a shaft and drop 1 floor!
  4894 | D:6      | Found a radiant altar of Vehumet.
  4953 | D:6      | Found Ochiz's Antique Weapon Shop.
  4976 | D:6      | Identified the +2 cloak of the Sparrow {Str+5}
  4980 | D:6      | Found a snail-covered altar of Cheibriados.
  5090 | D:6      | Noticed Menkaure
  5097 | D:6      | Killed Menkaure
  5098 | D:6      | Reached skill level 8 in Maces & Flails
  5167 | D:6      | Noticed Blork the orc
  5173 | D:6      | Killed Blork the orc
  5174 | D:6      | Gained mutation: A meltable icy envelope protects you from
                  | harm. (AC +0) [demonic ancestry]
  5174 | D:6      | Reached XP level 9. HP: 68/68 MP: 9/9
  5638 | D:6      | Noticed Pikel
  5660 | D:6      | Killed Pikel
  5771 | D:7      | Found Komyxzes's Antique Weapon Boutique.
  5837 | D:7      | Reached skill level 9 in Maces & Flails
  6540 | D:7      | Gained mutation: Armour fits poorly on your strangely
                  | shaped body. [potion of mutation]
  6540 | D:7      | Gained mutation: Your muscles are strong. (Str +2) [potion
                  | of mutation]
  6540 | D:7      | Gained mutation: You are somewhat resistant to further
                  | mutation. [potion of mutation]
  6653 | D:7      | Found a burning altar of Makhleb.
  6928 | D:7      | Reached XP level 10. HP: 68/77 MP: 10/10
  6950 | D:7      | Noticed a manticore
  6950 | D:7      | Noticed a two-headed ogre
  6963 | D:7      | Killed a two-headed ogre
  6964 | D:7      | Reached skill level 10 in Maces & Flails
  6970 | D:7      | Killed a manticore
  7877 | D:8      | Found Anwuy's Antique Weapon Boutique.
  8151 | D:8      | Reached skill level 11 in Maces & Flails
  8473 | D:8      | Gained mutation: You regenerate magic rapidly. [demonic
                  | ancestry]
  8473 | D:8      | Reached XP level 11. HP: 31/85 MP: 11/11
  8543 | D:8      | Found a staircase to the Lair.
  8843 | D:9      | Noticed Harold
  8853 | D:9      | Killed Harold
  9252 | D:9      | Noticed a two-headed ogre
  9259 | D:9      | Killed a two-headed ogre
  9398 | D:9      | Noticed Prince Ribbit
  9406 | D:9      | Killed Prince Ribbit
 10045 | D:10     | Entered Level 10 of the Dungeon
 10158 | D:10     | Noticed a deep elf pyromancer
 10218 | D:10     | Reached **** piety under Trog
 10759 | D:10     | Reached skill level 12 in Maces & Flails
 10787 | D:10     | Found a staircase to the Orcish Mines.
 11006 | D:10     | Found Kaopoule's Book Shoppe.
 11311 | D:10     | Slain by a fire elemental

Illustrated notes

Levels and vault maps discovered:
D:1:      arrival_aquarium_b, layout_basic, shapermc_ecumenical_altar_pompeii
D:2:      layout_basic, minmay_stone_trees_medium, grunt_ministairs_5,
          serial_park_tiny_2, minmay_between
D:3:      layout_loops_ring, nicolae_figureground_pulse, uniq_grinder
D:4:      layout_loops_corners, general_overflow_altar, temple_hall,
          enter_ossuary_5
D:5:      layout_gridville, serial_shops, nicolae_shop_behind_doors,
          gammafunk_ghost_stat_death, minmay_liquid_box, grunt_decor_junction,
          nicolae_stop_n_shop_2, minmay_manual_mares
D:6:      layout_basic, vehumet_crystals, amcnicky_altar_gilded, serial_shops,
          nicolae_square_shop, uniq_pikel, uniq_blork_the_orc, uniq_menkaure
D:7:      nzn_winding_woodlands_medium [nzn_winding_woodlands_5x5_cross,
          nzn_winding_woodlands_5x15_sidewinder,
          nzn_winding_woodlands_5x5_perimeter,
          nzn_winding_woodlands_5x5_open_star,
          nzn_winding_woodlands_center_triple_pond,
          nzn_winding_woodlands_5x5_three,
          nzn_winding_woodlands_5x5_closed_star,
          nzn_winding_woodlands_5x15_river_crossing,
          nzn_winding_woodlands_5x5_checkerboard], layout_basic,
          mainiacjoe_overflow_brackets, serial_shops, shop
D:8:      layout_basic, erik_lair_dragon, serial_shops,
          nicolae_shop_overgrown_old_shop, due_unseen_surprise
D:9:      layout_rooms, eino_curves_03, uniq_harold, uniq_prince_ribbit1
D:10:     layout_roguey, zombieorc1_lemuel, serial_shops, shop,
          hangedman_minor_magic

Skill      XL: |  1  2  3  4  5  6  7  8  9 10 11 |
---------------+----------------------------------+-----
Maces & Flails | 3 4 5 6 8 9 11 12 | 12.1
Dodging        | 2 |  2.0
Armour         | 3 4 5 7 8 9 |  9.0
Fighting       | 4 5 6 7 8 |  8.4
Shields        | 1 2 3 4 |  4.1

Action                   |  1- 3 |  4- 6 |  7- 9 | 10-12 || total
-------------------------+-------+-------+-------+-------++-------
Melee: Mace              |   109 |    53 |   364 |   448 ||   974
       Tailslap          |    11 |     5 |    55 |    92 ||   163
       Punch             |       |     1 |     5 |     8 ||    14
       Dire flail        |       |       |       |    19 ||    19
Invok: Berserk           |     1 |     2 |    15 |    24 ||    42
       Trog's Hand       |       |       |       |     2 ||     2
  Use: Scroll            |       |       |    10 |     2 ||    12
       Potion            |       |       |    10 |     2 ||    12
 Stab: Sleeping          |     2 |       |       |       ||     2
Armor: Animal skin       |    11 |       |       |       ||    11
       Plate armour      |    48 |    27 |   222 |   320 ||   617
Dodge: Dodged            |    37 |    17 |    93 |   171 ||   318
Block: Other             |       |       |    54 |    61 ||   115
